 Dungeon Crawl Stone Soup version 0.28.0-47-ge53b351184 (webtiles) character file.

Game seed: 14471070597387234125

3221 Exodus22XD the Cleaver (level 9, 0/78 HPs)
             Began as a Hill Orc Monk on May 6, 2022.
             Was a Priest of Beogh.
             Killed from afar by a white imp (5 damage)
             ... with a puff of frost
             ... on level 8 of the Dungeon.
             The game lasted 00:12:09 (8504 turns).

Exodus22XD the Cleaver (Hill Orc Monk)              Turns: 8504, Time: 00:12:10

Health: 0/78       AC: 16    Str: 18    XL:     9   Next: 97%
Magic:  9/9        EV:  8    Int: 10    God:    Beogh [***...]
Gold:   222        SH:  0    Dex: 13    Spells: 8/8 levels left

rFire   + . .      SeeInvis +   x - +0 war axe
rCold   . . .      Faith    .   (no shield)
rNeg    . . .      Spirit   .   t - +2 chain mail {Will+}
rPois   +          Reflect  .   q - +0 helmet
rElec   .          Harm     .   (no cloak)
rCorr   .          Rampage  .   o - +0 pair of gloves
Will    ++...                   (no boots)
Stlth   ..........              (no amulet)
HPRegen 0.23/turn               m - ring of poison resistance
MPRegen 0.11/turn               b - ring "Nyexuku" {rF+ Will+ SInv}

@: confused, ambrosia-drunk, marked, hasted, very quick
A: no striking features
a: Renounce Religion, Smiting


You were on level 8 of the Dungeon.
You worshipped Beogh.
Beogh was most pleased with you.
You visited 1 branch of the dungeon, and saw 8 of its levels.

You collected 327 gold pieces.
You spent 105 gold pieces at shops.

Inventory:

Hand Weapons
 x - a +0 war axe (weapon)
Armour
 o - a +0 pair of gloves (worn)
 q - a +0 helmet (worn)
 t - a +2 chain mail of willpower (worn)
Jewellery
 b - the ring "Nyexuku" (right hand) {rF+ Will+ SInv}
   (You bought it in a shop on level 4 of the Dungeon)

   [ring of protection from fire]

   rF:        It protects you from fire.
   SInv:      It lets you see invisible.
   Will:      It increases your willpower.
 m - a ring of poison resistance (left hand)
Wands
 e - a wand of flame (16)
Scrolls
 c - 2 scrolls of silence {unknown}
 d - a scroll of enchant armour {unknown}
 f - 3 scrolls of teleportation {unknown}
 g - a scroll of vulnerability {unknown}
 j - a scroll of brand weapon {unknown}
 l - a scroll of noise {unknown}
 r - a scroll of enchant weapon {unknown}
 u - 2 scrolls of fear {unknown}
 v - a scroll of magic mapping {unknown}
 w - 2 scrolls of immolation {unknown}
 y - a scroll of torment {unknown}
Potions
 h - 4 potions of mutation
 i - 2 potions of brilliance
 k - a potion of degeneration
 p - a potion of cancellation


   Skills:
 + Level 6.9 Fighting
 + Level 11.3 Axes
 * Level 10.7 Armour
 - Level 2.4 Dodging
 - Level 1.5 Stealth


You had 8 spell levels left.
You didn't know any spells.
Your spell library contained the following spells:

 Spells                   Type           Power      Damage    Failure   Level
 Ensorcelled Hibernation  Hex/Ice        0%         N/A       99%         2
 Passwall                 Tmut/Erth      0%         N/A       99%         2
 Swiftness                Air            0%         N/A       100%        3


Dungeon Overview and Level Annotations

Branches:
Dungeon (8/15)             Temple (0/1) D:4
   Lair: D:8-11

Altars:
Ashenzari
Fedhas
Hepliaklqana
Okawaru
Qazlal
Sif Muna
Trog
Wu Jian
Zin
The Shining One

Shops:
D:1 *   D:4 *

Annotations:
D:8 Gastronok


Message History

Gastronok is heavily wounded.
You barely miss the orc.
The centaur shoots an arrow.
The arrow barely misses your orc warrior.
The arrow hits you but does no damage.
You slice Gastronok!!
Gastronok is heavily wounded.
You barely miss the orc.
The centaur shoots an arrow.
The arrow closely misses your orc warrior.
The arrow hits you but does no damage. The orc barely misses you.
Your orc warrior hits Gastronok with a +1 dagger of draining.
Your orc warrior drains Gastronok.
Gastronok waves his eye-stalks in wide circles.
The air twists around and strikes you!
* * * LOW HITPOINT WARNING * * *
It was a potion of ambrosia.
You are confused.
You feel invigorated.
The centaur shoots an arrow.
The arrow barely misses your orc warrior.
The arrow hits you!
* * * LOW HITPOINT WARNING * * *
The orc hits you but does no damage.
Your orc warrior hits Gastronok with a +1 dagger of draining!
Your orc warrior drains Gastronok.
Are you sure you want to stumble around while confused and next to your ally the orc warrior?
This could place you under penance!
Okay, then.
The centaur shoots an arrow.
The arrow closely misses your orc warrior.
The arrow hits you but does no damage.
A centaur zombie comes into view.
Your orc warrior hits Gastronok with a +1 dagger of draining!
The orc completely misses you.
Gastronok's eyestalks quiver as he mumbles some strange words.
Gastronok puts on a burst of speed!
The centaur shoots an arrow.
The arrow completely misses your orc warrior.
The arrow hits you.
* * * LOW HITPOINT WARNING * * *
The white imp gestures at you. The puff of frost hits you.
You die...

.# #. ..## #.# .^..##.#
#.....## ...... ####
.... ..... ###o##......
#..w@.5# ...$.#o####
..# #)### .# #c..##
.#...## #...Z##..#
#.#......
##+##....######.#......
####.....##.#...... #
##....##.#.(.... #
####...........


You could see Gastronok (swift, drained, ally target), a centaur, a white imp,
an orc, a centaur zombie and a friendly orc warrior.

Vanquished Creatures
  A hornet (D:8)
  Prince Ribbit (D:5)
  A meliai zombie (D:7)
  Sigmund (D:4)
  5 yaks (D:8)
  3 water moccasins
  A sky beast (D:6)
  2 centaurs (D:6)
  A phantom (D:6)
  2 kobold brigands (D:7)
  A bullfrog (D:8)
  2 scorpions (D:6)
  A wyvern skeleton (D:5)
  A water moccasin skeleton (D:7)
  A bullfrog zombie (D:5)
  A crimson imp (D:3)
  3 hounds
  An orc priest (D:4)
  5 jellies
  4 iguanas
  An orc wizard (D:7)
  A scorpion zombie (D:5)
  A killer bee zombie (D:7)
  2 howler monkey zombies
  5 adders
  An ufetubus (D:5)
  A worm (D:3)
  3 dart slugs
  10 orcs
  4 bats
  5 endoplasms
  6 goblins
  7 hobgoblins
  5 jackals
  12 kobolds
  7 quokkas
  5 ball pythons
  4 frilled lizards
  A goblin zombie (D:3)
  2 hobgoblin zombies (D:3)
  A kobold skeleton (D:3)
  2 orc skeletons (D:3)
  3 orc zombies (D:3)
  7 rats
134 creatures vanquished.

Vanquished Creatures (collateral kills)
  A yak (D:8)
  A steam dragon (D:8)
  An orc (D:7)
3 creatures vanquished.

Vanquished Creatures (others)
  An orc warrior (D:8)
  An orc wizard (D:4)
  2 orcs (D:4)
  2 goblins (D:4)
6 creatures vanquished.

Grand Total: 143 creatures vanquished

Notes
Turn   | Place    | Note
-------+----------+-------------------------------------------
     0 | D:1      | Exodus22XD the Hill Orc Monk began the quest for the Orb.
     0 | D:1      | Reached XP level 1. HP: 19/19 MP: 1/1
   168 | D:1      | Reached XP level 2. HP: 27/27 MP: 2/2
   245 | D:1      | Found Benidoku's Assorted Antiques.
   468 | D:1      | Reached skill level 1 in Armour
   745 | D:1      | Reached XP level 3. HP: 27/33 MP: 3/3
   963 | D:2      | Reached skill level 5 in Axes
  1922 | D:3      | Reached XP level 4. HP: 37/41 MP: 4/4
  2043 | D:3      | Found a glowing golden altar of the Shining One.
  2219 | D:3      | Found a blossoming altar of Fedhas.
  2310 | D:3      | You fall into a shaft and drop 1 floor!
  2319 | D:4      | Noticed Sigmund
  2328 | D:4      | Became a worshipper of Beogh the Brigand
  2328 | D:4      | Reached * piety under Beogh
  2328 | D:4      | Reached ** piety under Beogh
  2344 | D:3      | Reached skill level 6 in Axes
  2344 | D:3      | Reached XP level 5. HP: 7/47 MP: 5/5
  2617 | D:3      | Found a glowing silver altar of Zin.
  2617 | D:3      | Found a shimmering blue altar of Sif Muna.
  2658 | D:4      | Found Siqod's Assorted Antiques.
  2666 | D:4      | Bought a coiled granite ring for 105 gold pieces
  2666 | D:4      | Identified the ring "Nyexuku" {rF+ Will+ SInv} (You bought
                  | it in a shop on level 4 of the Dungeon)
  2843 | D:4      | Found a bloodstained altar of Trog.
  2875 | D:4      | Killed Sigmund
  2876 | D:4      | Reached XP level 6. HP: 14/55 MP: 6/6
  3243 | D:4      | Found an iron altar of Okawaru.
  3406 | D:4      | Reached skill level 7 in Axes
  3539 | D:4      | Found a staircase to the Ecumenical Temple.
  3546 | D:4      | Reached skill level 5 in Fighting
  3893 | D:5      | Entered Level 5 of the Dungeon
  3955 | D:5      | Reached XP level 7. HP: 24/61 MP: 7/7
  4221 | D:5      | Found a stormy altar of Qazlal.
  4408 | D:5      | Noticed Prince Ribbit
  4454 | D:5      | HP: 2/61 [Prince Ribbit (14)]
  4459 | D:5      | Killed Prince Ribbit
  4460 | D:5      | Reached skill level 5 in Armour
  4725 | D:5      | Found a broken altar of Ashenzari.
  5019 | D:5      | Reached skill level 8 in Axes
  5269 | D:6      | Reached XP level 8. HP: 39/69 MP: 8/8
  6165 | D:6      | Found a hazy altar of Hepliaklqana.
  6321 | D:6      | Found an ornate altar of the Wu Jian Council.
  6329 | D:6      | Reached skill level 9 in Axes
  6974 | D:7      | Reached XP level 9. HP: 73/75 MP: 9/9
  7172 | D:7      | Reached *** piety under Beogh
  8003 | D:8      | Reached skill level 10 in Axes
  8011 | D:8      | Noticed a hornet
  8023 | D:8      | Killed a hornet
  8112 | D:8      | Reached skill level 10 in Armour
  8135 | D:8      | Reached skill level 11 in Axes
  8484 | D:8      | Noticed Gastronok
  8501 | D:8      | HP: 2/78 [centaur/arrow (7)]
  8504 | D:8      | Killed from afar by a white imp

Illustrated notes

Levels and vault maps discovered:
D:1:      sevenhm_arrival_forest_fort_small_3, layout_basic, serial_shops,
          nicolae_shop_hallway_stairs
D:2:      layout_basic, minmay_heptomino_w4
D:3:      layout_rooms, fedhas_altar_3, nicolae_tso_besieged_by_evil,
          gammafunk_temple_overflow_wave
D:4:      layout_loops_ring, mainiacjoe_overflow_boulevard,
          nicolae_overflow_hidden_temple, minmay_temple_entry_proselytizer,
          serial_shops, nicolae_shop_advertising_works
          [nicolae_subvault_shop_adworks], kennysheep_minor_cross, uniq_sigmund
D:5:      layout_basic, mainiacjoe_overflow_cross_hatched,
          nicolae_ashenzari_skybound, amethyst_killhole, uniq_prince_ribbit1
D:6:      layout_rooms, grunt_temple_overflow_open, minmay_crystal_room,
          roderic_roman_lattice
D:7:      layout_loops_ring
D:8:      minmay_chambers_of_sixes, layout_rooms, uniq_gastronok

Skill      XL: |  1  2  3  4  5  6  7  8  9 |
---------------+----------------------------+-----
Fighting       | 4 5 6 |  6.9
Armour         | 1 2 3 4 6 8 10 | 10.7
Axes           | 5 6 7 8 9 11 | 11.3
Dodging        | |  2.4
Stealth        | |  1.5

Action                   |  1- 3 |  4- 6 |  7- 9 || total
-------------------------+-------+-------+-------++-------
Melee: Hand axe          |   122 |   178 |   325 ||   625
       Punch             |     1 |       |     7 ||     8
       War axe           |       |       |   118 ||   118
Invok: Convert to Beogh  |       |     1 |       ||     1
  Use: Potion            |       |     1 |     4 ||     5
       Scroll            |       |       |     5 ||     5
 Stab: Sleeping          |     4 |       |       ||     4
Armor: Robe              |    11 |       |       ||    11
       Ring mail         |     5 |    49 |       ||    54
       Chain mail        |       |    23 |   259 ||   282
Dodge: Dodged            |    76 |    86 |   147 ||   309
